 Dungeon Crawl Stone Soup version 0.27-a0-1308-gc08437e49b (webtiles) character file.

Game seed: 7340133345224404320

25 flotson the Sneak (level 2, 0/24 HPs)
             Began as a Demonspawn Delver on June 18, 2021.
             Slain by Purgy (2 damage)
             ... in a sewer.
             The game lasted 00:01:40 (706 turns).

flotson the Sneak (Demonspawn Delver)                Turns: 706, Time: 00:01:41

Health: 0/24       AC:  3    Str: 12    XL:     2   Next: 86%
Magic:  2/2        EV: 12    Int: 11    God:
Gold:   11         SH:  0    Dex: 14    Spells: 1/1 levels left

rFire    . . .     SeeInvis .   f - +0 halberd
rCold    . . .     Faith    .   (shield currently unavailable)
rNeg     . . .     Spirit   .   b - +0 leather armour
rPois    .         Reflect  .   (helmet restricted)
rElec    .         Harm     .   (no cloak)
rCorr    .         Rampage  .   (no gloves)
Will     .....                  (no boots)
Stlth    +.........             (no amulet)
HPRegen  0.08/turn              (no ring)
MPRegen  0.08/turn              (no ring)

@: confused, ambrosia-drunk, on berserk cooldown, slowed, very slow
A: horns 1
a: no special abilities


You were in a sewer.
You visited 1 branch of the dungeon, and saw 2 of its levels.
You also visited: Sewer.

You collected 11 gold pieces.

Inventory:

Hand Weapons
 a - a +0 hand axe
 f - a +0 halberd (weapon)
Armour
 b - a +0 leather armour (worn)
Wands
 g - a wand of digging (3)
Scrolls
 c - a scroll of fog
 d - a scroll of teleportation {unknown}
 h - a scroll of identify {unknown}


   Skills:
 + Level 3.3 Fighting
 + Level 2.1 Axes
 + Level 1.0 Armour
 + Level 2.1 Dodging
 - Level 4.5 Stealth


You had one spell level left.
You didn't know any spells.
Your spell library was empty.

Dungeon Overview and Level Annotations

Branches:
Dungeon (5/15)              Sewer (1/1)
 Temple: D:4-7

Altars:

Annotations:
Sewer Purgy


Innate Abilities, Weirdness & Mutations

You have a pair of small horns on your head.


Message History

You closely miss Purgy.
Purgy is almost dead.
Purgy bites you. Purgy barely misses you. x2
You barely miss Purgy. You headbutt Purgy.
Purgy is almost dead.
You closely miss Purgy.
Purgy is almost dead.
Purgy bites you. Purgy claws you but does no damage. Purgy misses you.
You closely miss Purgy. Your headbutt misses Purgy.
Purgy is almost dead.
Purgy hisses, "I bite!"
Purgy bites you. Purgy completely misses you. x2
You barely miss Purgy. Your headbutt misses Purgy.
Purgy is almost dead.
Purgy bites you. Purgy closely misses you. Purgy claws you.
You closely miss Purgy. Your headbutt misses Purgy.
Purgy is severely wounded.
You are no longer berserk.
You are exhausted.
You feel yourself slow down. Purgy barely misses you. Purgy claws you.
Purgy barely misses you.
You barely miss Purgy.
Purgy is severely wounded.
Purgy bites you.
* * * LOW HITPOINT WARNING * * *
Purgy claws you.
* * * LOW HITPOINT WARNING * * *
Purgy claws you.
* * * LOW HITPOINT WARNING * * *
Purgy misses you. Purgy claws you but does no damage. Purgy claws you.
* * * LOW HITPOINT WARNING * * *
It was a potion of ambrosia.
You are confused.
You feel invigorated. Purgy bites you. Purgy closely misses you.
Purgy claws you.
* * * LOW HITPOINT WARNING * * *
Purgy bites you.
* * * LOW HITPOINT WARNING * * *
Purgy misses you. Purgy claws you.
You die...

### .... .....
$.....################
[.....T@..........∩..#
$.....####.###########
..... #.# .... #.# ###
#.# #.# #.# ##.##
##...##


You could see Purgy.

Vanquished Creatures
  A gnoll (D:5)
  An ufetubus (D:4)
  2 quokkas (D:4)
  5 bats (Sewer)
  4 rats (D:4)
13 creatures vanquished.

Notes
Turn   | Place    | Note
-------+----------+-------------------------------------------
     0 | D:5      | flotson the Demonspawn Delver began the quest for the Orb.
     0 | D:5      | Reached XP level 1. HP: 18/18 MP: 1/1
    47 | D:5      | Gained mutation: You have a pair of small horns on your
                  | head. [demonic ancestry]
    47 | D:5      | Reached XP level 2. HP: 14/24 MP: 2/2
   543 | D:4      | Found a glowing drain.
   550 | Sewer    | Entered a sewer
   580 | Sewer    | Reached skill level 1 in Armour
   668 | Sewer    | Noticed Purgy
   706 | Sewer    | Slain by Purgy

Illustrated notes

Levels and vault maps discovered:
D:4:      wad_lake_hut, layout_basic, gup_sewer_entry_bubbles, minmay_bisected,
          uniq_edmund
D:5:      layout_rooms
Sewer:    sewer_big_baddie

Skill      XL: |  1  2 |
---------------+-------+-----
Axes           | 2 |  2.1
Dodging        | 2 |  2.1
Armour         | 1 |  1.0
Fighting       | |  3.3
Stealth        | |  4.5

Action                   || total
-------------------------++-------
Melee: Hand axe          ||     4
       Halberd           ||    68
       Headbutt          ||     1
  Use: Potion            ||     3
       Scroll            ||     2
 Stab: Sleeping          ||     2
Armor: Leather armour    ||    47
Dodge: Dodged            ||   123

Table legend: (Time is in decaauts)
 A = Elapsed time spent in this place.
 B = Non-inter-level travel time spent in this place.
 C = Inter-level travel time spent in this place.
 D = Time resting spent in this place.
 E = Time spent auto-exploring this place.
 F = Levels seen in this place.
 G = Mean time per level.
                   A        B        C        D        E       F      G
               +--------+--------+--------+--------+--------+-----+--------+
         Total |    730 |    712 |     18 |    186 |    294 |   3 |  243.3 |
       Dungeon |    561 |    543 |     18 |    186 |    210 |   2 |  280.5 |
         Sewer |    168 |    168 |      0 |      0 |     84 |   1 |  168.0 |
               +--------+--------+--------+--------+--------+-----+--------+

Top non-repeatable levels by time:
     D:4: 334 daAuts
     D:5: 227 daAuts
   Sewer: 168 daAuts
